 Dungeon Crawl Stone Soup version 0.24.0-13-gcf9b319 (webtiles) character file.

Game seed: 6606440253535326601, levelgen mode: deterministic

41651 Fang the Protected (level 14, 0/94 HPs)
             Began as a Gargoyle Fighter on Jan 2, 2020.
             Was an Elder of Trog.
             Slain by a spiny frog (4 damage)
             ... on level 6 of the Lair of Beasts.
             The game lasted 00:20:48 (15159 turns).

Fang the Protected (Gargoyle Fighter)              Turns: 15159, Time: 00:20:49

Health: 0/94       AC: 31    Str: 25    XL:     14   Next: 16%
Magic:  14/14      EV:  7    Int:  9    God:    Trog [****..]
Gold:   942        SH: 14    Dex:  9    Spells: 13/13 levels left

rFire    + . .     SeeInvis .   A - +1 broad axe
rCold    + + .     Gourm    .   B - +1 shield
rNeg     + . .     Faith    .   b - +5 plate armour
rPois    ∞         Spirit   .   (no helmet)
rElec    +         Reflect  .   j - scarf {rC+ rF+}
rCorr    +         Harm     .   (no gloves)
MR       +++..                  (no boots)
Stlth    ..........             F - amulet of the acrobat
HPRegen  1.25/turn              n - ring of protection from cold
MPRegen  0.14/turn              f - ring of resist corrosion

@: regenerating
A: big wings, negative energy resistance 1, electricity resistance, unbreathing,
petrification resistance, rot immunity, AC +10
a: Fly, Berserk, Trog's Hand, Brothers in Arms, Renounce Religion


You were on level 6 of the Lair of Beasts.
You worshipped Trog.
Trog was greatly pleased with you.
You were hungry.

You visited 3 branches of the dungeon, and saw 16 of its levels.

You collected 942 gold pieces.

Inventory:

Hand Weapons
 a - a +0 war axe
 A - a +1 broad axe (weapon)
Armour
 b - a +5 plate armour (worn)
 j - a scarf of resistance (worn)
 B - a +1 shield (worn)
Jewellery
 f - a ring of resist corrosion (right hand)
 n - a ring of protection from cold (left hand)
 F - an amulet of the acrobat (around neck)
Wands
 m - a wand of random effects (13)
 t - a wand of enslavement (6)
 u - a wand of paralysis (16)
 v - a wand of iceblast (11)
 w - a wand of flame (40)
 y - a wand of clouds (4)
 z - a wand of disintegration (2)
Scrolls
 e - 2 scrolls of magic mapping
 g - 5 scrolls of remove curse
 k - 6 scrolls of teleportation
 s - 3 scrolls of fear
 D - a scroll of identify
Potions
 d - 2 potions of berserk rage
 h - a potion of ambrosia
 i - a potion of resistance
 l - 3 potions of heal wounds
 o - 5 potions of curing
 p - 3 potions of haste
 q - a potion of invisibility
 r - 2 potions of might
 x - a potion of mutation
 C - 3 potions of agility
 E - 3 potions of flight
Comestibles
 c - 28 rations
 G - 5 chunks of flesh


   Skills:
 + Level 13.3 Fighting
 + Level 11.3 Axes
 + Level 13.3 Armour
 + Level 13.3 Shields


You had 13 spell levels left.
You didn't know any spells.
Your spell library was empty.

Dungeon Overview and Level Annotations

Branches:
Dungeon (11/15)            Temple (1/1) D:7            Lair (3/6) D:8
 Shoals (0/4) Lair:2
  Snake: Lair:2-4    Spider: Lair:2-4       Orc: D:9-12

Altars:
Cheibriados
Dithmenos
Elyvilon
Fedhas
Gozag
Hepliaklqana
Kikubaaqudgha
Makhleb
Nemelex Xobeh
Okawaru
Qazlal
Ru
Sif Muna
Trog
Uskayaw
Vehumet
Wu Jian
Xom
Yredelemnul
Zin
The Shining One

Shops:
D:9 *=

Annotations:
Lair:3 3 runed translucent doors, Fuxod's ghost, journeyman GnWn; Nefuv's ghost, journeyman MiBe


Innate Abilities, Weirdness & Mutations

You are resistant to torment.
Your stone body is resilient. (AC +10)
You are immune to poison.
Your large and strong wings let you fly indefinitely.
You resist negative energy. (rN+)
You are resistant to electric shocks. (rElec)
You can survive without breathing.
You are immune to petrification.
You are immune to rotting.


Message History

* * * LOW HITPOINT WARNING * * *
You slash the vampire mosquito!
You destroy the vampire mosquito!
Trog accepts your kill.
You slice the spiny frog!! You block the spiny frog's attack.
The spiny frog stings you but does no damage.
You see here a vampire mosquito corpse.
You closely miss the spiny frog.
The spiny frog is heavily wounded.
The spiny frog stings you!
* * * LOW HITPOINT WARNING * * *
You hit the spiny frog.
The spiny frog is severely wounded.
You block the spiny frog's attack. x2
Your skin crawls.
You feel resistant to hostile enchantments.
You feel somewhat more hungry. Trog will no longer gift you weapons.
The spiny frog stings you.
You die...

##.# .## .#...##
..# ....... #.P##
.....=. # ..P.#
.......#. ....##
.P......## .....##
#......###......P
#.@.÷..PP.....
#.F%.÷..P...P.
.....#..........##.
.....##....#.......
.....
#P.P..........
.....
##P........... ....
#P..........## ....
##...%#......#
#......##..#.


You could see a spiny frog.

Vanquished Creatures
  Snorg (Lair:3)
  Harold (Lair:1)
  2 two-headed ogres
  15 death yaks
  7 elephants (Lair:3)
  2 merfolk sirens (Lair:2)
  5 black mambas
  10 spiny frogs
  2 komodo dragons
  2 merfolk (Lair:2)
  Grinder (D:4)
  10 blink frogs
  A tyrant leech (Lair:6)
  6 hippogriffs
  2 wraiths
  A vampire (D:11)
  3 wyverns
  2 basilisks (Lair:3)
  4 hogs (D:7)
  2 hungry ghosts
  28 yaks
  A human (D:7)
  Grum (Lair:1)
  6 vampire mosquitoes
  3 nagas (Lair:3)
  An acid dragon (D:11)
  6 water moccasins
  2 porcupines
  A black bear (D:8)
  An ice beast (D:10)
  2 orc warriors
  3 phantoms
  2 sky beasts (D:7)
  A necrophage (D:9)
  5 ogres
  12 wolves
  3 centaurs
  8 crocodiles
  2 elf zombies (D:9)
  22 bullfrogs
  7 scorpions
  21 killer bees
  6 wights
  4 howler monkeys
  An electric eel (Lair:2)
  2 crimson imps
  4 bullfrog zombies
  3 centaur zombies
  5 human zombies (D:9)
  10 orc priests
  12 orc wizards
  3 hounds
  2 jellies
  2 bullfrog skeletons
  7 iguanas
  9 worker ants
  2 worker ant zombies
  A howler monkey skeleton (D:4)
  4 gnolls (D:3)
  11 adders
  2 river rats
  6 shadow imps
  12 white imps (Lair:1)
  An ooze (D:3)
  An adder skeleton (D:4)
  5 worms
  3 dart slugs
  4 leopard geckos
  40 orcs
  2 ball pythons
  2 giant cockroaches
  7 goblins
  8 hobgoblins
  18 jackals
  8 quokkas
  6 bats
  2 frilled lizards
  5 kobolds
  An orc skeleton (D:9)
  An orc zombie (D:9)
  A quokka skeleton (D:7)
  3 rats (D:1)
443 creatures vanquished.

Vanquished Creatures (collateral kills)
  2 hydras
  Nergalle (Lair:2)
  A komodo dragon (Lair:6)
  A porcupine (Lair:2)
5 creatures vanquished.

Vanquished Creatures (others)
  13 fungi (Lair:6)
  39 plants (Lair:6)
52 creatures vanquished.

Grand Total: 500 creatures vanquished

Notes
Turn   | Place    | Note
-------+----------+-------------------------------------------
     0 | D:1      | Fang the Gargoyle Fighter began the quest for the Orb.
     0 | D:1      | Reached XP level 1. HP: 14/14 MP: 1/1
    37 | D:1      | Reached XP level 2. HP: 17/19 MP: 2/2
   409 | D:1      | Reached XP level 3. HP: 23/23 MP: 3/3
   862 | D:2      | Reached XP level 4. HP: 29/29 MP: 4/4
   926 | D:2      | Found a burning altar of Makhleb.
  1195 | D:3      | Reached XP level 5. HP: 5/33 MP: 5/5
  1830 | D:3      | Reached XP level 6. HP: 34/39 MP: 6/6
  2525 | D:4      | Noticed Grinder
  2546 | D:4      | Reached skill level 5 in Fighting
  2546 | D:4      | Reached skill level 5 in Armour
  2546 | D:4      | Reached skill level 5 in Shields
  2560 | D:4      | Paralysed by Grinder for 7 turns
  2571 | D:4      | HP: 1/40 [something (3)]
  2594 | D:4      | Paralysed by something for 3 turns
  2612 | D:4      | Paralysed by something for 3 turns
  2621 | D:4      | Killed Grinder
  2621 | D:4      | Reached XP level 7. HP: 34/44 MP: 7/7
  3134 | D:5      | Entered Level 5 of the Dungeon
  3421 | D:5      | Reached XP level 8. HP: 30/51 MP: 8/8
  4370 | D:6      | Reached skill level 5 in Axes
  4386 | D:6      | HP: 2/52 [centaur zombie (1)]
  5243 | D:7      | Reached XP level 9. HP: 50/56 MP: 9/9
  5460 | D:7      | Found a staircase to the Ecumenical Temple.
  5468 | Temple   | Entered the Ecumenical Temple
  5513 | Temple   | Became a worshipper of Trog the Wrathful
  5755 | D:7      | Paralysed by fainting for 11 turns
  6750 | D:8      | Noticed a death yak
  6752 | D:8      | Noticed a death yak
  6849 | D:8      | Reached * piety under Trog
  6870 | D:8      | Found a staircase to the Lair.
  6890 | D:8      | Reached XP level 10. HP: 35/64 MP: 10/10
  7233 | D:8      | Noticed a death yak
  7243 | D:7      | Killed a death yak
  7251 | D:7      | Killed a death yak
  7435 | D:8      | Killed a death yak
  7768 | D:8      | Reached ** piety under Trog
  8184 | D:8      | Found a radiant altar of Vehumet.
  8304 | D:8      | Noticed a two-headed ogre
  8314 | D:8      | Killed a two-headed ogre
  8314 | D:8      | Reached XP level 11. HP: 69/72 MP: 11/11
  8452 | D:9      | Found Plog's Assorted Antiques.
  8476 | D:9      | Found Mucasuudd's Jewellery Shoppe.
  8939 | D:9      | Reached *** piety under Trog
  8960 | D:9      | Found a basalt altar of Yredelemnul.
  8984 | D:9      | Noticed a two-headed ogre
  8994 | D:9      | Killed a two-headed ogre
  8994 | D:9      | Reached skill level 10 in Fighting
  8994 | D:9      | Reached skill level 10 in Armour
  8994 | D:9      | Reached skill level 10 in Shields
  9789 | D:10     | Entered Level 10 of the Dungeon
  9905 | D:10     | Reached **** piety under Trog
 10937 | D:11     | Reached XP level 12. HP: 74/79 MP: 12/12
 11151 | D:11     | Reached ***** piety under Trog
 11548 | Lair:1   | Entered Level 1 of the Lair of Beasts
 11577 | Lair:1   | Noticed Grum
 11603 | Lair:1   | Killed Grum
 11768 | Lair:1   | Noticed Harold
 11790 | Lair:1   | Killed Harold
 11955 | Lair:1   | Found a frozen archway.
 11982 | Lair:1   | Received a gift from Trog
 12539 | Lair:2   | Noticed an eight-headed hydra
 12545 | Lair:2   | Noticed Nergalle
 12685 | Lair:2   | Killed Nergalle
 12688 | Lair:2   | Killed a nine-headed hydra
 13148 | Lair:2   | Found a staircase to the Shoals.
 13209 | Lair:2   | Reached skill level 10 in Axes
 13483 | Lair:3   | Noticed Snorg
 13501 | Lair:3   | Killed Snorg
 13501 | Lair:3   | Reached XP level 13. HP: 66/86 MP: 13/13
 14143 | Lair:3   | Found a runed translucent gate.
 14143 | Lair:3   | Found a runed translucent gate.
 14143 | Lair:3   | Found a runed translucent gate.
 14439 | Lair:3   | Noticed Fuxod's ghost (journeyman GnWn)
 14439 | Lair:3   | Noticed Nefuv's ghost (journeyman MiBe)
 14682 | Lair:3   | You fall into a shaft and drop 3 floors!
 14682 | Lair:6   | Entered Level 6 of the Lair of Beasts
 14753 | Lair:6   | HP: 3/88 [tyrant leech (5)]
 15012 | Lair:6   | Gained mutation: Your large and strong wings let you fly
                  | indefinitely. [Gargoyle growth]
 15012 | Lair:6   | Reached XP level 14. HP: 94/94 MP: 14/14
 15157 | Lair:6   | HP: 2/94 [spiny frog (7)]
 15159 | Lair:6   | Slain by a spiny frog

Levels and vault maps discovered:
D:1:      ncdulo_lavacross, layout_rooms, minmay_crystal_room
D:2:      layout_loops_cross, makhleb_heckhound_becter
D:3:      layout_rooms, minmay_misc_feat_diagonals
D:4:      layout_cave_pods, first_ration, uniq_grinder
D:5:      layout_basic
D:6:      layout_layer_cave
D:7:      layout_basic, minmay_temple_entry_slanted, grunt_livestock,
          chequers_serial_rivers_micro_c
D:8:      layout_cave_pools, lemuel_coloured_pillars_altar, dpeg_lair_monsters
D:9:      layout_small_grid, serial_shops, shop, nicolae_shop_waterfront,
          lemuel_mausoleum_altar_yredelemnul
D:10:     layout_rooms, kennysheep_generic_room_2
D:11:     layout_grid_maze
Temple:   grunt_wide_crystal_templ
Lair:1:   layout_cave_pods, portal_ice_cave_entry_imps, uniq_grum, uniq_harold
Lair:2:   layout_chaotic_city, elwin_shoals_entry_stream,
          infiniplex_staircase_pool, uniq_nergalle
Lair:3:   layout_big_grid, guppyfry_snake_entry_garden,
          gammafunk_ghost_cemetery, chequers_serial_rivers_room_a,
          grunt_megastairs_5, uniq_snorg
Lair:6:   minmay_lair_end_frog_pond, layout_concentric_octagons,
          grunt_megastairs_4

Skill      XL: |  1  2  3  4  5  6  7  8  9 10 11 12 13 |
---------------+----------------------------------------+-----
Axes           | 2 3 4 5 6 7 9 10 11 | 11.3
Fighting       | 4 5 6 8 9 10 12 13 | 13.3
Armour         | 4 5 6 8 9 10 12 13 | 13.3
Shields        | 4 5 6 8 9 10 12 13 | 13.3

Action                   |  1- 3 |  4- 6 |  7- 9 | 10-12 | 13-15 || total
-------------------------+-------+-------+-------+-------+-------++-------
Melee: War axe           |   102 |   181 |   441 |  1055 |   174 ||  1953
       Broad axe         |       |       |       |       |   156 ||   156
Invok: Berserk           |       |       |       |     9 |     5 ||    14
       Brothers in Arms  |       |       |       |     2 |     2 ||     4
       Trog's Hand       |       |       |       |       |     5 ||     5
Evoke: Wand              |       |     7 |       |       |       ||     7
  Use: Scroll            |       |     8 |     5 |    14 |     4 ||    31
       Potion            |       |     3 |     1 |       |     4 ||     8
 Stab: Confused          |       |     1 |       |       |       ||     1
  Eat: Chunk             |       |     6 |    17 |    34 |    10 ||    67
       Ration            |       |       |     1 |       |     1 ||     2
Armor: Scale mail        |    51 |   116 |    43 |       |       ||   210
       Chain mail        |       |       |    45 |       |       ||    45
       Plate armour      |       |       |   288 |   850 |   439 ||  1577
Dodge: Dodged            |    40 |    64 |   114 |   361 |   193 ||   772
Block: Shield            |    62 |   149 |   320 |   897 |   486 ||  1914
